 Dungeon Crawl Stone Soup version 0.27.1-33-g824d729ab1 (webtiles) character file.

Game seed: 11941966043578840775

177 walnutcon the Insei (level 5, -1/37 HPs)
             Began as a Merfolk Transmuter on Dec 20, 2021.
             Slain by an iguana (4 damage)
             ... on level 4 of the Dungeon.
             The game lasted 00:14:06 (2995 turns).

walnutcon the Insei (Merfolk Transmuter)            Turns: 2995, Time: 00:14:07

Health: -1/37      AC:  2    Str: 10    XL:     5   Next: 57%
Magic:  6/8        EV: 12    Int: 13    God:
Gold:   104        SH:  0    Dex: 15    Spells: 2/8 levels left

rFire    . . .     SeeInvis .     - Unarmed
rCold    . . .     Faith    .   (no shield)
rNeg     . . .     Spirit   .   a - +0 robe
rPois    .         Reflect  .   (no helmet)
rElec    .         Harm     .   (no cloak)
rCorr    .         Rampage  .   (no gloves)
Will     .....                  (no boots)
Stlth    +.........             (no amulet)
HPRegen  0.12/turn              (no ring)
MPRegen  0.11/turn              (no ring)

@: no status effects
A: (nimble swimmer 2), mertail
a: no special abilities


You were on level 4 of the Dungeon.
You visited 1 branch of the dungeon, and saw 4 of its levels.

You collected 104 gold pieces.

Inventory:

Hand Weapons
 f - a +2 dagger of draining
Armour
 a - a +0 robe (worn)
Jewellery
 e - a ring of flight
Scrolls
 b - a scroll of amnesia {unknown}
 c - a scroll of fog {unknown}
 d - a scroll of torment {unknown}
 g - a scroll of teleportation {unknown}


   Skills:
 - Level 1.1 Fighting
 - Level 2.6 Dodging
 * Level 5.6 Unarmed Combat
 - Level 2.0 Spellcasting
 - Level 5.0 Transmutations


You had 2 spell levels left.
You knew the following spells:

 Your Spells              Type           Power      Damage    Failure   Level
a - Beastly Appendage     Tmut           28%        N/A       3%          1
b - Wereblood             Tmut           14%        N/A       4%          2
c - Spider Form           Tmut/Pois      3%         N/A       26%         3

Your spell library contained the following spells:

 Spells                   Type           Power      Damage    Failure   Level
 Animate Skeleton         Necr           2%         N/A       26%         1
 Apportation              Tloc           2%         N/A       26%         1
 Corona                   Hex            1%         N/A       26%         1
 Summon Small Mammal      Summ           4%         N/A       26%         1
 Call Canine Familiar     Summ           1%         N/A       58%         3
 Summon Guardian Golem    Hex/Summ       1%         N/A       58%         3
 Ice Form                 Ice/Tmut       7%         N/A       65%         4


Dungeon Overview and Level Annotations

Branches:
Dungeon (3/15)

Altars:
Xom

Annotations:
D:2 Sigmund


Innate Abilities, Weirdness & Mutations

((You are quick and stealthy near water. (Stealth+, EV+, Speed+++)))
Your lower body shifts to a powerful aquatic tail in water.


Message History

Unknown command.
An iguana comes into view.
The iguana hisses angrily.
An iguana comes into view.
Casting: Beastly Appendage (safe; 3% risk of failure)
Confirm with . or Enter, or press ? or * to list all spells.
The spell is quite dangerous to cast (26% risk of failure)!
Continue anyway?
You turn into a venomous arachnid creature.
Your +0 robe melds into your body.
The iguana hisses angrily.
The iguana bites you!
You hit the iguana.
The iguana is poisoned.
The iguana is moderately wounded.
The iguana bites you!
You are too injured to fight recklessly!
The iguana closely misses you.
A goblin comes into view. It is wielding a +0 club.
Found a stone staircase leading down.
You hit the iguana.
The iguana looks as sick as possible!
The iguana is severely wounded.
The goblin shouts!
The iguana closely misses you.
You bite the goblin!
You kill the goblin!
Your transformation is almost over.
The iguana bites you!
* * * LOW HITPOINT WARNING * * *
You see here a +0 club.
You feel better.
You kill the iguana!
You hit the iguana.
The iguana is moderately wounded.
The iguana bites you!
* * * LOW HITPOINT WARNING * * *
There is a stone staircase leading down here.
You bite the iguana!
The iguana is poisoned.
The iguana is severely wounded.
Your transformation has ended.
Your +0 robe unmelds from your body.
The iguana bites you.
You die...

### ..# #.#
....#.# ##.#
...#.#.##.# #
..#.#.##.###.#
#.#......l@..#
##.#.#.##.###.#
#### #....#.##.#
# .K..
##.....##†#
#....#.##)#
#.#.......#
######.##.######
.....#.####
####.#.#


You could see an iguana (very poisoned).

Vanquished Creatures
  Jessica (D:2)
  An iguana (D:4)
  Natasha (twice) (D:2)
  Robin (D:2)
  2 adders (D:2)
  A dart slug (D:2)
  2 orcs (D:3)
  2 ball pythons
  2 bats
  An endoplasm (D:1)
  A giant cockroach (D:1)
  13 goblins
  5 hobgoblins
  3 quokkas
  2 frilled lizards (D:2)
  3 kobolds
  2 rats (D:1)
44 creatures vanquished.

Notes
Turn   | Place    | Note
-------+----------+-------------------------------------------
     0 | D:1      | walnutcon the Merfolk Transmuter began the quest for the
                  | Orb.
     0 | D:1      | Reached XP level 1. HP: 15/15 MP: 3/3
    76 | D:2      | Found a shimmering altar of Xom.
   152 | D:2      | Reached XP level 2. HP: 17/21 MP: 3/5
   369 | D:2      | Learned a level 2 spell: Wereblood
   424 | D:2      | Reached XP level 3. HP: 22/26 MP: 4/6
   434 | D:2      | Learned a level 3 spell: Spider Form
   860 | D:2      | Noticed Natasha
   882 | D:2      | Reached skill level 5 in Transmutations
   965 | D:2      | Noticed Jessica
   974 | D:2      | Killed Jessica
   975 | D:2      | Reached XP level 4. HP: 18/32 MP: 0/7
  1124 | D:2      | Noticed Sigmund
  1129 | D:2      | Noticed Robin
  1151 | D:2      | Killed Natasha
  1390 | D:1      | Found a faded altar of an unknown god.
  2161 | D:2      | Noticed Natasha
  2168 | D:2      | Killed Natasha
  2169 | D:2      | Reached skill level 5 in Unarmed Combat
  2169 | D:2      | Reached XP level 5. HP: 29/37 MP: 2/8
  2312 | D:2      | Killed Robin
  2917 | D:3      | You fall into a shaft and drop 1 floor!
  2955 | D:4      | Noticed a kobold brigand
  2986 | D:4      | HP: 1/37 [iguana (13)]
  2995 | D:4      | Slain by an iguana

Illustrated notes

Levels and vault maps discovered:
D:1:      sevenhm_arrival_forest_fort_small_4, layout_basic,
          ebering_ecumenical_altar_abandoned
D:2:      layout_basic, basic_altar, minmay_puff, uniq_robin, uniq_jessica,
          uniq_natasha, uniq_sigmund
D:3:      minmay_evil_eye, layout_basic, roderic_roman_lattice,
          chequers_serial_rivers_micro_c, uniq_crazy_yiuf_cottage
D:4:      layout_basic

Skill      XL: |  1  2  3  4 |
---------------+-------------+-----
Transmutations | 3 4 5 |  5.0
Unarmed Combat | 4 5 |  5.6
Fighting       | |  1.1
Dodging        | |  2.6
Spellcasting   | |  2.0

Action                   |  1- 3 |  4- 6 || total
-------------------------+-------+-------++-------
Melee: Unarmed           |    43 |    76 ||   119
       Headbutt          |     6 |     6 ||    12
       Punch             |     1 |     2 ||     3
 Cast: Beastly Appendage |     7 |    13 ||    20
       Wereblood         |     1 |     2 ||     3
       Spider Form       |     3 |     6 ||     9
  Use: Potion            |       |     3 ||     3
Armor: Robe              |     3 |    14 ||    17
       Skin              |       |     3 ||     3
Dodge: Dodged            |    24 |    46 ||    70
